[ AOE2 MATCH · #513595134 ]
UnrankedTupi vs Byzantines
Player's team · LOSS
[ REPLAY ANALYSIS · EXTRACTED FROM THE RECORDED GAME ]
Feudal
10:43
Castle
24:06
Imperial
—
| APM avg | 63.3 |
| APM peak | 117 |
| eAPM avg | 27.2 |
| Villagers / military | 83 / 26 |
Focus
⚔️ 35.2% · 🌾 64.8%
Archer ×18 · Monk ×5 · Unknown (2550) ×4 · Mangonel ×3
Feudal
14:11
Castle
18:25
Imperial
—
| APM avg | 41.7 |
| APM peak | 116 |
| eAPM avg | 21.1 |
| Villagers / military | 68 / 24 |
Focus
⚔️ 36.2% · 🌾 63.8%
Mangonel ×9 · Monk ×7 · Militia ×4 · Cataphract ×3 · Scorpion ×1
Match map
Initial resources + every placement click. Lines = walls · curves = elevation contours. ◆ gold · ⬟ stone · ● berries · ✦ relic · ◌ wall gap
Your base· Open — unwalled flank
DanMT's base· Open — 2t gap
Smoothed initial terrain · ◌ = detected wall gap · hover for details
Inputs per minute
— RoR | kei - - DanMT
Build order — RoR | kei
First 150 of 194 actions detected
| 0:01 | Queue | Villager (Male) |
| 0:02 | Build | House |
| 0:03 | Build | House |
| 0:06 | Queue | Villager (Male) |
| 0:06 | Queue | Villager (Male) |
| 0:10 | Queue | Villager (Male) |
| 0:10 | Queue | Villager (Male) |
| 1:06 | Queue | Villager (Male) |
| 1:07 | Queue | Villager (Male) |
| 1:41 | Queue | Villager (Male) |
| 1:41 | Queue | Villager (Male) |
| 1:55 | Research | Loom |
| 2:02 | Queue | Villager (Male) |
| 2:23 | Queue | Villager (Male) |
| 2:23 | Queue | Villager (Male) |
| 3:06 | Build | Settlement |
| 3:08 | Queue | Villager (Male) |
| 3:08 | Queue | Villager (Male) |
| 3:45 | Queue | Villager (Male) |
| 4:00 | Queue | Villager (Male) |
| 4:00 | Queue | Villager (Male) |
| 4:01 | Queue | Villager (Male) |
| 4:18 | Queue | Villager (Male) |
| 5:17 | Queue | Villager (Male) |
| 5:44 | Queue | Villager (Male) |
| 6:07 | Queue | Villager (Male) |
| 6:33 | Queue | Villager (Male) |
| 6:46 | Build | House |
| 7:01 | Queue | Villager (Male) |
| 7:22 | Build | Barracks |
| 7:25 | Queue | Villager (Male) |
| 7:58 | Build | Palisade Wall |
| 7:59 | Queue | Villager (Male) |
| 8:33 | Research | Feudal Age |
| 8:50 | Build | Settlement |
| 9:11 | Queue | Unit 2550 |
| 10:06 | Build | Farm |
| 10:07 | Build | Farm |
| 10:30 | Build | Farm |
| 10:40 | Build | Palisade Wall |
| 10:43 | Build | Palisade Wall |
| 10:43 | Age | Feudal Age |
| 10:57 | Build | House |
| 11:08 | Build | Farm |
| 11:10 | Build | Farm |
| 11:10 | Queue | Villager (Male) |
| 11:21 | Build | Archery Range |
| 11:51 | Build | House |
| 11:52 | Build | Palisade Wall |
| 11:53 | Build | Palisade Wall |
| 12:00 | Build | Palisade Wall |
| 12:02 | Build | Palisade Wall |
| 12:10 | Build | House |
| 12:20 | Queue | Archer |
| 12:24 | Queue | Villager (Male) |
| 12:30 | Build | Farm |
| 12:36 | Queue | Archer |
| 12:51 | Queue | Villager (Male) |
| 12:54 | Build | Farm |
| 13:10 | Queue | Archer |
| 13:15 | Queue | Villager (Male) |
| 13:34 | Queue | Villager (Male) |
| 13:56 | Queue | Archer |
| 13:58 | Queue | Unit 2550 |
| 14:02 | Queue | Villager (Male) |
| 14:28 | Build | Watch Tower |
| 14:33 | Queue | Villager (Male) |
| 14:35 | Queue | Archer |
| 14:49 | Build | House |
| 14:57 | Queue | Villager (Male) |
| 15:01 | Build | Farm |
| 15:13 | Build | Watch Tower |
| 15:19 | Queue | Archer |
| 15:19 | Queue | Villager (Male) |
| 15:24 | Queue | Villager (Male) |
| 15:30 | Build | Blacksmith |
| 15:54 | Queue | Villager (Male) |
| 16:12 | Queue | Villager (Male) |
| 16:15 | Research | Fletching |
| 16:48 | Queue | Villager (Male) |
| 16:55 | Build | Palisade Wall |
| 16:57 | Build | Palisade Wall |
| 16:58 | Build | Palisade Wall |
| 16:58 | Build | Palisade Wall |
| 16:59 | Build | Palisade Wall |
| 17:02 | Queue | Villager (Male) |
| 17:08 | Build | Settlement |
| 17:18 | Research | Double-Bit Axe |
| 17:27 | Build | Palisade Wall |
| 17:31 | Queue | Villager (Male) |
| 17:48 | Queue | Villager (Male) |
| 17:50 | Build | Farm |
| 17:57 | Build | Farm |
| 18:15 | Build | Watch Tower |
| 18:25 | Queue | Villager (Male) |
| 18:27 | Build | Farm |
| 19:03 | Build | Palisade Wall |
| 19:04 | Build | Palisade Wall |
| 19:04 | Build | Palisade Wall |
| 19:05 | Build | Palisade Wall |
| 19:06 | Build | Palisade Wall |
| 19:06 | Build | Palisade Wall |
| 19:15 | Queue | Villager (Male) |
| 19:16 | Build | Farm |
| 19:19 | Build | Outpost |
| 19:35 | Build | Farm |
| 19:37 | Queue | Villager (Male) |
| 20:14 | Queue | Villager (Male) |
| 20:23 | Queue | Villager (Male) |
| 20:29 | Build | Market |
| 20:48 | Build | Farm |
| 20:52 | Build | Farm |
| 21:06 | Build | Farm |
| 21:12 | Queue | Villager (Male) |
| 21:26 | Research | Castle Age |
| 22:04 | Queue | Archer |
| 22:22 | Research | Horse Collar |
| 22:39 | Queue | Archer |
| 22:50 | Queue | Unit 2550 |
| 23:02 | Queue | Villager (Male) |
| 23:07 | Research | Gold Mining |
| 23:13 | Queue | Archer |
| 23:48 | Queue | Archer |
| 24:06 | Age | Castle Age |
| 24:08 | Research | Crossbowman (upgrade) |
| 24:10 | Research | Bodkin Arrow |
| 24:10 | Research | Bodkin Arrow |
| 24:12 | Build | Monastery |
| 24:18 | Queue | Unit 2550 |
| 24:21 | Queue | Villager (Male) |
| 24:49 | Queue | Monk |
| 24:53 | Queue | Villager (Male) |
| 24:58 | Queue | Villager (Male) |
| 25:04 | Queue | Archer |
| 25:08 | Build | House |
| 25:20 | Queue | Villager (Male) |
| 25:41 | Queue | Villager (Male) |
| 25:41 | Queue | Villager (Male) |
| 25:42 | Queue | Archer |
| 25:45 | Queue | Monk |
| 25:50 | Build | Siege Workshop |
| 25:51 | Queue | Monk |
| 26:01 | Queue | Villager (Male) |
| 26:09 | Queue | Mangonel |
| 26:13 | Queue | Archer |
| 26:22 | Build | Farm |
| 26:23 | Queue | Monk |
| 26:33 | Queue | Archer |
| 26:46 | Queue | Villager (Male) |
| 26:51 | Queue | Villager (Male) |
Build order — DanMT
First 150 of 175 actions detected
| 0:00 | Queue | Villager (Male) |
| 0:01 | Build | House |
| 0:02 | Build | House |
| 0:06 | Queue | Villager (Male) |
| 0:06 | Queue | Villager (Male) |
| 0:07 | Queue | Villager (Male) |
| 1:17 | Queue | Villager (Male) |
| 1:40 | Queue | Villager (Male) |
| 2:06 | Research | Loom |
| 2:17 | Queue | Villager (Male) |
| 2:41 | Build | Palisade Gate |
| 2:43 | Build | Lumber Camp |
| 2:52 | Queue | Villager (Male) |
| 2:59 | Queue | Villager (Male) |
| 3:12 | Build | Palisade Wall |
| 3:15 | Build | Palisade Wall |
| 3:22 | Build | Palisade Wall |
| 3:41 | Build | Palisade Wall |
| 3:45 | Queue | Villager (Male) |
| 3:49 | Build | Palisade Wall |
| 4:16 | Queue | Villager (Male) |
| 4:24 | Build | House |
| 4:32 | Build | Palisade Wall |
| 4:34 | Build | Palisade Wall |
| 4:34 | Build | Palisade Wall |
| 4:38 | Queue | Villager (Male) |
| 5:03 | Queue | Villager (Male) |
| 5:14 | Build | Palisade Wall |
| 5:16 | Build | Palisade Wall |
| 5:17 | Build | Palisade Wall |
| 5:19 | Build | Palisade Wall |
| 5:19 | Build | Palisade Wall |
| 5:24 | Queue | Villager (Male) |
| 5:35 | Build | House |
| 6:14 | Queue | Villager (Male) |
| 6:23 | Queue | Villager (Male) |
| 6:53 | Build | Mill |
| 6:58 | Queue | Villager (Male) |
| 7:39 | Queue | Villager (Male) |
| 7:44 | Build | House |
| 8:01 | Queue | Villager (Male) |
| 8:20 | Queue | Villager (Male) |
| 8:21 | Build | Barracks |
| 8:35 | Queue | Villager (Male) |
| 9:00 | Queue | Militia |
| 9:00 | Queue | Militia |
| 9:03 | Queue | Villager (Male) |
| 9:06 | Queue | Villager (Male) |
| 9:29 | Build | Palisade Wall |
| 9:39 | Queue | Villager (Male) |
| 9:43 | Build | Mining Camp |
| 9:54 | Queue | Villager (Male) |
| 9:56 | Build | House |
| 9:57 | Build | Palisade Wall |
| 10:09 | Build | Farm |
| 10:27 | Queue | Villager (Male) |
| 10:28 | Queue | Militia |
| 10:43 | Build | Farm |
| 11:09 | Build | Farm |
| 11:33 | Build | Palisade Wall |
| 11:37 | Build | Palisade Wall |
| 11:55 | Build | Farm |
| 12:01 | Research | Feudal Age |
| 12:02 | Research | Feudal Age |
| 12:09 | Build | Palisade Wall |
| 12:12 | Build | Farm |
| 12:14 | Build | Palisade Wall |
| 12:27 | Build | House |
| 12:36 | Queue | Militia |
| 12:42 | Build | Farm |
| 12:43 | Build | Farm |
| 13:04 | Build | Farm |
| 13:11 | Build | Palisade Wall |
| 13:25 | Queue | Villager (Male) |
| 14:05 | Queue | Villager (Male) |
| 14:11 | Age | Feudal Age |
| 14:23 | Build | Market |
| 14:36 | Build | Watch Tower |
| 14:43 | Queue | Villager (Male) |
| 14:48 | Build | Blacksmith |
| 15:15 | Build | Farm |
| 15:35 | Build | Mining Camp |
| 15:45 | Research | Castle Age |
| 16:12 | Build | Stone Wall |
| 16:22 | Build | Stone Wall |
| 16:38 | Build | Palisade Wall |
| 16:40 | Build | Palisade Wall |
| 16:46 | Research | Double-Bit Axe |
| 16:57 | Research | Stone Mining |
| 17:09 | Research | Horse Collar |
| 17:30 | Build | Lumber Camp |
| 17:39 | Queue | Villager (Male) |
| 18:25 | Age | Castle Age |
| 18:29 | Build | Siege Workshop |
| 18:31 | Queue | Villager (Male) |
| 18:53 | Queue | Mangonel |
| 19:22 | Queue | Villager (Male) |
| 19:25 | Queue | Villager (Male) |
| 20:10 | Queue | Villager (Male) |
| 20:41 | Build | Castle |
| 20:51 | Queue | Villager (Male) |
| 21:03 | Build | Farm |
| 21:04 | Build | Farm |
| 21:04 | Build | Farm |
| 21:05 | Build | Farm |
| 21:06 | Build | Farm |
| 21:07 | Build | Mill |
| 21:14 | Build | Monastery |
| 21:48 | Queue | Monk |
| 22:27 | Queue | Cataphract |
| 22:41 | Queue | Villager (Male) |
| 22:44 | Build | Mining Camp |
| 22:57 | Queue | Villager (Male) |
| 23:11 | Queue | Scorpion |
| 23:20 | Build | Mining Camp |
| 23:22 | Queue | Villager (Male) |
| 23:53 | Queue | Villager (Male) |
| 23:55 | Queue | Mangonel |
| 23:57 | Queue | Villager (Male) |
| 24:04 | Build | Farm |
| 24:06 | Queue | Villager (Male) |
| 24:12 | Build | Outpost |
| 24:23 | Queue | Cataphract |
| 24:46 | Queue | Villager (Male) |
| 24:54 | Queue | Villager (Male) |
| 24:59 | Queue | Monk |
| 25:14 | Queue | Villager (Male) |
| 25:25 | Queue | Villager (Male) |
| 25:43 | Queue | Mangonel |
| 25:50 | Queue | Villager (Male) |
| 25:56 | Research | Bow Saw |
| 25:57 | Queue | Villager (Male) |
| 26:09 | Queue | Villager (Male) |
| 26:21 | Build | Outpost |
| 26:33 | Queue | Mangonel |
| 26:37 | Queue | Villager (Male) |
| 26:57 | Queue | Villager (Male) |
| 27:05 | Queue | Villager (Male) |
| 27:34 | Queue | Mangonel |
| 27:35 | Queue | Cataphract |
| 27:38 | Queue | Villager (Male) |
| 27:40 | Queue | Villager (Male) |
| 27:40 | Build | House |
| 27:41 | Build | House |
| 27:42 | Queue | Villager (Male) |
| 27:45 | Build | House |
| 27:52 | Queue | Monk |
| 27:55 | Build | Siege Workshop |
| 28:15 | Queue | Villager (Male) |
| 28:28 | Queue | Mangonel |
Match timeline
| 3:12 | DanMT · wall_segment Palisade Wall x1 |
| 3:15 | DanMT · wall_segment Palisade Wall x1 |
| 3:22 | DanMT · wall_segment Palisade Wall x1 |
| 3:41 | DanMT · wall_segment Palisade Wall x3 |
| 3:49 | DanMT · wall_segment Palisade Wall x1 |
| 4:32 | DanMT · wall_segment Palisade Wall x2 |
| 4:34 | DanMT · wall_segment Palisade Wall x3 |
| 4:34 | DanMT · wall_segment Palisade Wall x1 |
| 5:14 | DanMT · wall_segment Palisade Wall x2 |
| 5:16 | DanMT · wall_segment Palisade Wall x1 |
| 5:17 | DanMT · wall_segment Palisade Wall x2 |
| 5:19 | DanMT · wall_segment Palisade Wall x4 |
| 5:19 | DanMT · wall_segment Palisade Wall x1 |
| 7:22 | RoR | kei · first_building Barracks |
| 7:58 | RoR | kei · wall_segment Palisade Wall x1 |
| 8:21 | DanMT · first_building Barracks |
| 9:29 | DanMT · wall_segment Palisade Wall x1 |
| 9:57 | DanMT · wall_segment Palisade Wall x5 |
| 10:40 | RoR | kei · wall_segment Palisade Wall x1 |
| 10:43 | RoR | kei · wall_segment Palisade Wall x1 |
| 10:43 | RoR | kei · age_up feudal |
| 11:21 | RoR | kei · first_building Archery Range |
| 11:33 | DanMT · wall_segment Palisade Wall x10 |
| 11:37 | DanMT · wall_segment Palisade Wall x10 |
| 11:52 | RoR | kei · wall_segment Palisade Wall x1 |
| 11:53 | RoR | kei · wall_segment Palisade Wall x1 |
| 12:00 | RoR | kei · wall_segment Palisade Wall x1 |
| 12:02 | RoR | kei · wall_segment Palisade Wall x1 |
| 12:09 | DanMT · wall_segment Palisade Wall x1 |
| 12:14 | DanMT · wall_segment Palisade Wall x2 |
| 13:11 | DanMT · wall_segment Palisade Wall x2 |
| 14:11 | DanMT · age_up feudal |
| 15:42 | DanMT · first_market_buy 100 food |
| 15:45 | DanMT · first_market_sell 100 stone |
| 16:12 | DanMT · wall_segment Stone Wall x6 |
| 16:22 | DanMT · wall_segment Stone Wall x4 |
| 16:38 | DanMT · wall_segment Palisade Wall x1 |
| 16:40 | DanMT · wall_segment Palisade Wall x1 |
| 16:55 | RoR | kei · wall_segment Palisade Wall x3 |
| 16:57 | RoR | kei · wall_segment Palisade Wall x4 |
| 16:58 | RoR | kei · wall_segment Palisade Wall x3 |
| 16:58 | RoR | kei · wall_segment Palisade Wall x2 |
| 16:59 | RoR | kei · wall_segment Palisade Wall x3 |
| 17:27 | RoR | kei · wall_segment Palisade Wall x1 |
| 18:25 | DanMT · age_up castle |
| 18:29 | DanMT · first_building Siege Workshop |
| 19:03 | RoR | kei · wall_segment Palisade Wall x1 |
| 19:04 | RoR | kei · wall_segment Palisade Wall x1 |
| 19:04 | RoR | kei · wall_segment Palisade Wall x1 |
| 19:05 | RoR | kei · wall_segment Palisade Wall x1 |
| 19:06 | RoR | kei · wall_segment Palisade Wall x1 |
| 19:06 | RoR | kei · wall_segment Palisade Wall x1 |
| 20:41 | DanMT · first_building Castle |
| 21:14 | DanMT · first_building Monastery |
| 24:06 | RoR | kei · age_up castle |
| 24:12 | RoR | kei · first_building Monastery |
| 25:50 | RoR | kei · first_building Siege Workshop |
| 28:56 | RoR | kei · first_market_buy 100 wood |
| 32:02 | RoR | kei · resign |
[ AI ANALYSIS · 1 CREDIT ]
What really happened in this match?
Wolo.gg analyzes every decision: build order, eco, micro, common mistakes by bracket. Personalized analysis on WhatsApp or Discord in 30 seconds.
Civ guide
Tupi
Perfil
Jugador #1762409